Map: Usina Ácida LE

Players

BlackHand

  • Race: Protoss Protoss
  • League: Silver
  • Spawn Location: 11:00

IagoAbreu - Winner!

  • Race: Protoss Protoss
  • League: Gold
  • Spawn Location: 5:00

VOD

Have the link to the VOD?

Description

Time

  • Played on: March 17, 2018, 11:46 a.m.
  • Length: 25:59
Show
View Real Time Build Order
Export as new Build Order

BlackHand Protoss 

Build Orders:  

Get SALT Encoding   

  12  0:02  Probe  
  13  0:13  Pylon  
  13  0:19  Probe  
  14  0:32  Gateway  
  14  0:53  Probe  
  15  0:57  Assimilator  
  15  1:15  Gateway  
  15  1:21  Cybernetics Core  
  15  1:23  Probe  
  16  1:33  Pylon  
  16  1:50  Probe  
  17  1:59  Stalker  
  19  2:02  Probe  
  19  2:07  Stalker  
  22  2:14  Probe  
  23  2:29  Assimilator  
  23  2:34  Stalker  
  25  2:42  Stalker  
  27  2:59  Probe  
  28  3:06  Forge  
  28  3:09  Stalker  
  28  3:11  Probe  
  31  3:23  Pylon  
  31  3:36  Protoss Ground Weapons Level 1 (Chrono Boost)  
  31  3:41  Stalker x2, Probe  
  36  3:50  Pylon  
  36  3:53  Probe  
  37  4:11  Stalker x2  
  41  4:20  Nexus  
  41  4:39  Assimilator  
  41  4:41  Stalker x2  
  41  4:44  Assimilator  
  45  4:51  Pylon  
  45  5:07  Probe  
  46  5:16  Pylon  
  46  5:19  Probe  
  46  5:20  Protoss Ground Armor Level 1 (Chrono Boost)  
  47  5:22  Pylon  
  47  5:29  Stalker  
  47  5:32  Stalker  
  51  5:37  Probe (Chrono Boost)  
  52  5:48  Probe (Chrono Boost)  
  53  5:53  Probe (Chrono Boost)  
  54  6:03  Probe (Chrono Boost)  
  55  6:12  Probe (Chrono Boost)  
  55  6:14  Stargate  
  55  6:17  Probe  
  56  6:22  Stargate  
  57  6:29  Probe  
  58  6:39  Stalker x2  
  62  6:42  Probe  
  63  6:54  Probe  
  64  7:04  Protoss Shields Level 1 (Chrono Boost)  
  64  7:06  Probe  
  65  7:09  Stalker x2  
  69  7:18  Void Ray x2  
  61  7:52  Fleet Beacon  
  61  7:57  Probe  
  62  8:10  Void Ray, Probe  
  62  8:11  Void Ray  
  71  8:13  Protoss Air Weapons Level 1 (Chrono Boost)  
  71  8:22  Probe  
  72  8:34  Probe  
  73  8:46  Probe  
  74  8:53  Stalker x2  
  78  9:17  Robotics Facility  
  78  9:23  Stalker x2  
  82  9:31  Pylon  
  82  9:33  Pylon  
  82  9:37  Pylon  
  82  9:38  Pylon  
  82  9:40  Pylon  
  82  9:41  Pylon  
  82  9:42  Pylon  
  82  9:48  Carrier  
  88  9:52  Stalker  
  88  9:53  Stalker  
  92  10:04  Protoss Air Armor Level 1 (Chrono Boost)  
  92  10:22  Stalker  
  92  10:23  Stalker  
  92  10:24  Carrier  
  102  10:34  Graviton Catapult  
  102  10:44  Stargate  
  102  10:51  Robotics Bay  
  80  11:49  Protoss Air Weapons Level 2 (Chrono Boost)  
  80  11:57  Twilight Council  
  80  12:00  Stalker x2  
  84  12:11  Disruptor  
  87  12:28  Robotics Facility  
  87  12:30  Stalker x2  
  87  12:32  Robotics Facility  
  91  12:45  Pylon  
  91  12:47  Pylon  
  91  13:00  Stalker x2  
  95  13:09  Photon Cannon  
  95  13:10  Photon Cannon  
  95  13:11  Photon Cannon  
  95  13:12  Photon Cannon  
  95  13:14  Photon Cannon  
  95  13:16  Photon Cannon  
  95  13:17  Photon Cannon  
  95  13:19  Photon Cannon  
  95  13:21  Photon Cannon  
  95  13:25  Photon Cannon x2  
  95  13:26  Photon Cannon  
  95  13:28  Photon Cannon  
  95  13:30  Pylon, Stalker x2  
  95  13:32  Pylon  
  99  14:00  Stalker x2  
  103  14:02  Protoss Air Weapons Level 3  
  103  14:04  Protoss Ground Weapons Level 2  
  103  14:14  Void Ray  
  107  14:25  Void Ray  
  98  15:51  Nexus  
  98  16:04  Nexus  
  98  16:08  Nexus  
  98  16:15  Assimilator  
  98  16:20  Assimilator, Protoss Ground Armor Level 2  
  96  16:52  Photon Cannon x2  
  96  16:54  Photon Cannon  
  89  16:56  Photon Cannon  
  89  16:57  Photon Cannon  
Show
View Real Time Build Order
Export as new Build Order

IagoAbreu Protoss - Winner!

Build Orders:  

Get SALT Encoding   

  12  0:01  Probe (Chrono Boost)  
  13  0:10  Probe (Chrono Boost)  
  14  0:19  Probe  
  15  0:25  Pylon  
  15  0:47  Forge  
  15  0:52  Gateway  
  15  0:58  Probe (Chrono Boost)  
  16  1:08  Assimilator  
  16  1:10  Probe (Chrono Boost)  
  17  1:12  Assimilator  
  17  1:33  Probe  
  17  1:39  Photon Cannon  
  18  1:45  Probe  
  19  1:55  Nexus  
  19  1:57  Probe (Chrono Boost)  
  20  2:09  Probe (Chrono Boost)  
  21  2:17  Cybernetics Core  
  21  2:20  Pylon  
  21  2:27  Pylon  
  21  2:51  Pylon x2  
  21  3:00  Stargate  
  21  3:05  Stargate  
  21  3:11  Probe (Chrono Boost)  
  23  3:21  Probe (Chrono Boost)  
  23  3:26  Probe (Chrono Boost)  
  23  3:33  Assimilator  
  24  3:36  Assimilator  
  24  3:37  Probe  
  25  3:42  Photon Cannon  
  25  3:49  Photon Cannon  
  25  3:53  Probe (Chrono Boost)  
  26  4:00  Protoss Air Weapons Level 1  
  27  4:04  Probe (Chrono Boost)  
  27  4:10  Probe (Chrono Boost)  
  28  4:22  Probe (Chrono Boost)  
  29  4:24  Shield Battery  
  29  4:26  Probe (Chrono Boost)  
  29  4:28  Photon Cannon  
  30  4:37  Probe  
  31  4:39  Photon Cannon  
  31  4:49  Probe  
  32  5:01  Void Ray x2  
  40  5:18  Shield Battery  
  40  5:26  Probe (Chrono Boost)  
  42  5:37  Probe (Chrono Boost)  
  42  5:42  Probe (Chrono Boost), Phoenix x2  
  47  5:53  Probe  
  47  5:55  Probe  
  49  6:05  Probe  
  49  6:07  Probe  
  49  6:09  Nexus  
  51  6:21  Fleet Beacon  
  51  6:30  Probe (Chrono Boost)  
  53  6:40  Robotics Facility, Probe (Chrono Boost)  
  53  6:45  Probe (Chrono Boost)  
  54  6:56  Probe  
  54  6:57  Assimilator  
  63  7:08  Probe  
  64  7:19  Carrier x2 (Chrono Boost)  
  64  7:20  Probe  
  57  7:52  Stargate  
  57  7:53  Stargate  
  57  7:54  Stargate, Warp Prism (Chrono Boost)  
  59  8:05  Probe (Chrono Boost)  
  59  8:12  Protoss Air Weapons Level 2 (Chrono Boost)  
  60  8:15  Probe (Chrono Boost)  
  61  8:20  Probe (Chrono Boost)  
  61  8:23  Observer  
  63  8:32  Probe  
  61  8:39  Tempest (Chrono Boost)  
  60  8:45  Observer  
  74  8:48  Tempest (Chrono Boost)  
  74  8:55  Pylon  
  73  8:58  Pylon  
  73  9:29  Nexus  
  73  9:35  Void Ray  
  77  9:51  Pylon  
  77  9:52  Pylon  
  77  9:53  Pylon x2  
  77  10:05  Carrier (Chrono Boost), Tempest (Chrono Boost)  
  74  10:10  Void Ray (Chrono Boost)  
  82  10:14  Mothership (Chrono Boost)  
  82  10:15  Carrier (Chrono Boost)  
  90  10:40  Phoenix  
  51  11:43  Phoenix x5  
  61  12:13  Probe (Chrono Boost)  
  63  12:24  Probe (Chrono Boost)  
  63  12:27  Assimilator, Probe (Chrono Boost)  
  64  12:33  Probe (Chrono Boost)  
  64  12:34  Probe (Chrono Boost)  
  66  12:39  Probe (Chrono Boost), Warp Prism (Chrono Boost)  
  66  12:41  Probe (Chrono Boost)  
  70  12:51  Probe (Chrono Boost)  
  71  12:56  Observer  
  71  12:57  Probe (Chrono Boost)  
  73  12:58  Probe (Chrono Boost)  
  73  13:03  Tempest (Chrono Boost)  
  73  13:05  Probe, Tempest (Chrono Boost)  
  85  13:07  Tempest (Chrono Boost)  
  92  13:17  Probe  
  93  13:31  Tempest x2 (Chrono Boost)  
  106  13:43  Probe  
  106  13:49  Phoenix x2 (Chrono Boost)  
  106  13:54  Phoenix  
  106  13:55  Probe  
  112  14:07  Probe  
  113  14:11  Observer (Chrono Boost)  
  114  14:19  Probe  
  115  14:26  Warp Prism (Chrono Boost)  
  117  14:43  Probe  
  115  14:55  Probe  
  114  15:07  Probe  
  115  15:23  Pylon  
  115  15:26  Pylon  
  115  15:29  Pylon  
  115  15:31  Nexus  
  115  15:37  Carrier  
  115  15:41  Carrier x2  
  133  15:44  Carrier  
  133  15:45  Pylon  
  133  15:46  Pylon  
  133  15:47  Pylon  
  139  16:09  Protoss Air Weapons Level 3 (Chrono Boost)  
  139  16:43  Gateway x2  
  139  16:46  Gateway  
  139  16:49  Gateway  
  139  16:50  Gateway  
  139  16:58  Phoenix  
  141  17:01  Warp Prism  
  129  17:34  Graviton Catapult  
  129  18:37  Tempest x5 (Chrono Boost)  
  129  19:04  Assimilator  
  129  19:09  Assimilator  
  129  23:44  Observer  
Tags
 
Add a new tag
Caveats
  • Supply blocks, unpowered buildings, or Contaminate may cause inaccurate times.
  • Supply counts are checked every 10 seconds.